 Dungeon Crawl Stone Soup version 0.26.0-16-gc1dbca0489 (webtiles) character file.

Game seed: 8392027096393545070

103 vvl the Skirmisher (level 4, -2/40 HPs)
             Began as a Ghoul Fighter on Jan 19, 2021.
             Slain by a phantom (6 damage)
             ... on level 3 of the Dungeon.
             The game lasted 00:06:15 (2583 turns).

vvl the Skirmisher (Ghoul Fighter)                  Turns: 2583, Time: 00:06:15

Health: -2/40      AC:  9    Str: 19    XL:     4   Next: 79%
Magic:  3/3        EV: 11    Int:  4    God:
Gold:   155        SH:  8    Dex:  8    Spells: 3/3 levels left

rFire    . . .     SeeInvis .   a - +0 war axe
rCold    + + .     Faith    .   c - +0 kite shield
rNeg     + + +     Spirit   .   b - +0 scale mail
rPois    ∞         Reflect  .   (no helmet)
rElec    .         Harm     .   h - +0 cloak
rCorr    .         Rampage  .   r - +0 pair of gloves
Will     .....                  (no boots)
Stlth    ..........             x - amulet of inaccuracy (curse)
HPRegen  0.00/turn              g - ring of protection from cold
MPRegen  0.08/turn              q - +4 ring of evasion

@: mighty
A: claws 1, cold resistance 1, negative energy resistance 3, inhibited
regeneration, torment resistance, unbreathing
a: no special abilities


You were on level 3 of the Dungeon.
You visited 1 branch of the dungeon, and saw 3 of its levels.

You collected 155 gold pieces.

Inventory:

Hand Weapons
 a - a +0 war axe (weapon)
Armour
 b - a +0 scale mail (worn)
 c - a +0 kite shield (worn)
 h - a +0 cloak (worn)
 r - a +0 pair of gloves (worn)
Jewellery
 g - a ring of protection from cold (left hand)
 q - a +4 ring of evasion (right hand)
 u - an uncursed ring of magical power
 x - a cursed amulet of inaccuracy (around neck)
Scrolls
 f - a scroll of amnesia
 i - a scroll of enchant armour {unknown}
 m - 4 scrolls of blinking
 v - a scroll of fog {unknown}
 w - a scroll of teleportation
 z - 2 scrolls of enchant weapon
Potions
 d - a potion of might
 e - a potion of magic {unknown}
 j - 2 potions of berserk rage {unknown}
 k - a potion of flight {unknown}
 l - 3 potions of curing {unknown}
 n - a potion of mutation {unknown}
 o - a potion of heal wounds {unknown}
 s - a potion of brilliance {unknown}
 t - a potion of degeneration {unknown}


   Skills:
 + Level 4.0 Fighting
 + Level 2.7 Axes
 + Level 3.3 Armour
 + Level 3.3 Shields


You had 3 spell levels left.
You didn't know any spells.
Your spell library was empty.

Dungeon Overview and Level Annotations

Branches:
Dungeon (3/15)

Altars:
Trog
Yredelemnul


Innate Abilities, Weirdness & Mutations

You thrive by killing the living.
You are immune to poison.
You have sharp fingernails.
Your flesh is cold resistant. (rC+)
You are immune to negative energy. (rN+++)
You do not regenerate when monsters are visible.
You are immune to unholy pain and torment.
You can survive without breathing.


Message History

The phantom is lightly damaged.
The phantom blinks!
You hit the phantom.
The phantom is lightly damaged.
The phantom hits you!
* * * LOW HITPOINT WARNING * * *
The phantom hits you but does no damage.
You miss the phantom.
The phantom is lightly damaged.
The phantom blinks!
You feel very mighty all of a sudden.
You miss the phantom.
The phantom is lightly damaged.
The phantom hits you!
* * * LOW HITPOINT WARNING * * *
The phantom barely misses you.
You miss the phantom.
The phantom is lightly damaged.
The phantom hits you.
You die...

### ........ .#
##.#W##. .. #.... #.
####. ##. #.... ..
#.... #. #....
##.##### #....
#..@W..# #...W
#..###.# ###.# #..
#.# ########.# #..
#.# #... ..#.#
#...##.####.## #.#.#
#............###.#.#
#......##..........#
#.#.##.##.#..###.###
# #. .....#..###.#


You could see a phantom.

Vanquished Creatures
  Crazy Yiuf (D:2)
  3 adders
  An ooze (D:2)
  A dart slug (D:1)
  2 leopard geckos
  5 bats
  2 giant cockroaches (D:1)
  10 goblins
  4 hobgoblins
  3 jackals (D:3)
  2 kobolds (D:1)
  4 rats (D:1)
38 creatures vanquished.

Vanquished Creatures (others)
  4 fungi (D:2)
4 creatures vanquished.

Grand Total: 42 creatures vanquished

Notes
Turn   | Place    | Note
-------+----------+-------------------------------------------
     0 | D:1      | vvl the Ghoul Fighter began the quest for the Orb.
     0 | D:1      | Reached XP level 1. HP: 19/19 MP: 0/0
   246 | D:1      | Reached XP level 2. HP: 26/26 MP: 1/1
   572 | D:1      | Reached XP level 3. HP: 29/31 MP: 2/2
  1560 | D:2      | Reached XP level 4. HP: 30/40 MP: 3/3
  1923 | D:2      | Found a runed translucent door.
  1924 | D:2      | Noticed Crazy Yiuf
  1932 | D:2      | Killed Crazy Yiuf
  1933 | D:2      | Reached skill level 4 in Fighting
  2162 | D:3      | Found a basalt altar of Yredelemnul.
  2211 | D:3      | Found a bloodstained altar of Trog.
  2496 | D:3      | Noticed a phantom
  2583 | D:3      | Slain by a phantom

Illustrated notes

Levels and vault maps discovered:
D:1:      matt_arrival_grand_opening, layout_basic
D:2:      layout_loops_corners, uniq_crazy_yiuf_cottage
D:3:      layout_loops_cross, lemuel_doored_altar, general_overflow_altar,
          makhleb_grotto_becter

Skill      XL: |  1  2  3  4 |
---------------+-------------+-----
Axes           | 2 |  2.7
Armour         | 3 |  3.3
Shields        | 3 |  3.3
Fighting       | 4 |  4.0

Action                   |  1- 3 |  4- 6 || total
-------------------------+-------+-------++-------
Melee: War axe           |    92 |    78 ||   170
  Use: Scroll            |       |     4 ||     4
       Potion            |       |     1 ||     1
Armor: Scale mail        |    42 |    33 ||    75
Dodge: Dodged            |    33 |    36 ||    69
Block: Kite shield       |    47 |    36 ||    83
